[Event "Titled Tuesday Blitz June 20 Late 2023"]
[White "Raja Rithvik R"]
[Black "Jiang, Andrew"]
[WhiteFideId "35007394"]
[BlackFideId "30953510"]
[WhiteElo "2395"]
[BlackElo "1883"]
[Result "0-1"]
[Round "1"]
[TimeControl "180+2"]
[Date "2023.06.20"]
[WhiteClock "0:00:08"]
[BlackClock "0:00:37"]
[Board "67"]

1. Nf3 d5 2. e3 Nf6 3. b3 e6 4. Bb2 Be7 5. c4 O-O 6. Nc3 c5 7. cxd5 exd5 8. d4 Nc6 9. Bb5 Qb6 10. Bxc6 Qxc6 11. O-O Bg4 12. dxc5 Bxc5 13. Na4 Be7 14. Ne5 Qe6 15. Nxg4 Nxg4 16. h3 Nf6 17. Rc1 Rac8 18. Qd4 b6 19. Rfd1 Rxc1 20. Rxc1 Rc8 21. Rxc8+ Qxc8 22. Nc3 Qc6 23. Qe5 Bf8 24. Qb8 a5 25. a4 Nd7 26. Qe8 Qe6 27. Qa8 d4 28. Nd5 dxe3 29. fxe3 h6 30. Ba3 Kh7 31. Bxf8 Nxf8 32. Qb7 Nd7 33. Kf2 Nc5 34. Qxb6 Qxd5 35. Qb5 Ne4+ 0-1


[Site "https://www.chess.com"]

[Event "Titled Tuesday Blitz June 20 Late 2023"]
[White "Ai, Evan"]
[Black "Hambleton, Aman"]
[WhiteFideId "2094770"]
[BlackFideId "2606577"]
[WhiteElo "1963"]
[BlackElo "2511"]
[Result "0-1"]
[Round "1"]
[TimeControl "180+2"]
[Date "2023.06.20"]
[WhiteClock "0:00:03"]
[BlackClock "0:00:06"]
[Board "68"]

1. e4 c5 2. Nf3 e6 3. d4 cxd4 4. Nxd4 Nc6 5. Nc3 Qc7 6. a3 a6 7. Be2 b5 8. Be3 Bb7 9. f3 Ne5 10. O-O Nf6 11. Bf4 Nh5 12. Be3 Nf6 13. Bf4 Bc5 14. Kh1 d6 15. b4 Bxd4 16. Qxd4 O-O 17. Rfd1 Rfd8 18. Bxb5 Nxf3 19. Bxd6 Nxd4 20. Bxc7 Rdc8 21. Be5 Nxb5 22. Nxb5 axb5 23. Bxf6 gxf6 24. Rd7 Bxe4 0-1


[Site "https://www.chess.com"]

[Event "Titled Tuesday Blitz June 20 Late 2023"]
[White "Yanchenko, Roman"]
[Black "Bellissimo, Joseph F."]
[WhiteFideId "4137329"]
[BlackFideId "2609843"]
[WhiteElo "2491"]
[BlackElo "2103"]
[Result "1-0"]
[Round "1"]
[TimeControl "180+2"]
[Date "2023.06.20"]
[WhiteClock "0:00:19"]
[BlackClock "0:00:17"]
[Board "69"]

1. d4 Nf6 2. Nf3 e6 3. c4 d5 4. Bg5 Be7 5. e3 a6 6. Nc3 O-O 7. h3 dxc4 8. a4 b6 9. Bxc4 Bb7 10. O-O Nbd7 11. Qe2 h6 12. Bf4 c5 13. Rfd1 cxd4 14. Rxd4 Bc5 15. Rd2 Qe7 16. Rad1 Rfc8 17. Bd6 Bxd6 18. Rxd6 Bxf3 19. gxf3 Ne5 20. Ba2 Rc5 21. Rxb6 Nfd7 22. Rbd6 Qg5+ 23. Kf1 Qh5 24. Kg2 Nxf3 25. Ne4 Nh4+ 26. Kf1 Qf5 27. Qg4 Nf6 28. Qxf5 Rxf5 29. Rd8+ Rxd8 30. Rxd8+ Kh7 31. Bb1 Ng6 32. Nd6 Rd5 33. Nxf7 Rxd8 34. Nxd8 e5 35. Ne6 e4 36. Nc5 Ne5 37. Nxe4 Nxe4 38. Bxe4+ g6 39. b4 Kg7 40. b5 axb5 41. axb5 Nd7 42. Bc6 Nb6 43. Ke2 Kf6 44. Kd3 Ke5 45. f4+ Kd6 46. Kd4 g5 47. fxg5 hxg5 48. e4 Ke6 49. Bd5+ Kf6 50. Bb3 Kg6 51. Kc5 Nd7+ 52. Kd6 Nb6 53. e5 Kh5 54. e6 Kh4 55. e7 Nc8+ 56. Kd7 Nxe7 57. Kxe7 Kxh3 58. Bd5 g4 59. b6 g3 60. b7 g2 61. Bxg2+ Kg4 62. b8=Q Kh5 63. Qg3 Kh6 64. Kf6 Kh7 65. Qg7# 1-0


[Site "https://www.chess.com"]

[Event "Titled Tuesday Blitz June 20 Late 2023"]
[White "Fiedorek, Michal"]
[Black "Santos Ruiz, Miguel"]
[WhiteFideId "1199528"]
[BlackFideId "22291482"]
[WhiteElo "2135"]
[BlackElo "2499"]
[Result "0-1"]
[Round "1"]
[TimeControl "180+2"]
[Date "2023.06.20"]
[WhiteClock "0:00:01"]
[BlackClock "0:00:09"]
[Board "70"]

1. e4 c5 2. Nf3 e6 3. d4 cxd4 4. Nxd4 Nc6 5. Nb5 d6 6. c4 Nf6 7. N1c3 a6 8. Nd4 Qc7 9. Be3 Be7 10. Be2 b6 11. Rc1 Ne5 12. O-O Bb7 13. f3 Rc8 14. b3 h6 15. Qd2 g5 16. Na4 Rg8 17. Kh1 g4 18. Bxh6 gxf3 19. gxf3 Rg6 20. Nc3 Nc6 21. Nxc6 Qxc6 22. Rg1 Rxg1+ 23. Rxg1 Kd7 24. Rg7 Rg8 25. Rxg8 Nxg8 26. Bg5 Qc5 27. Be3 Qh5 28. Bxb6 Nf6 29. b4 Qh3 30. Qe1 Nh5 31. Be3 Bh4 32. Qd1 Bg3 33. Bg1 Bf4 34. Qd2 Ng3# 0-1


[Site "https://www.chess.com"]

[Event "Titled Tuesday Blitz June 20 Late 2023"]
[White "jasardo"]
[Black "KorolDimitriy75"]
[WhiteElo "2761"]
[BlackElo "2426"]
[Result "1-0"]
[Round "1"]
[TimeControl "180+2"]
[Date "2023.06.20"]
[WhiteClock "0:00:43"]
[BlackClock "0:00:00"]
[Board "71"]

1. d4 Nf6 2. c4 c5 3. d5 b5 4. cxb5 a6 5. b6 d6 6. Nc3 Nbd7 7. e4 g6 8. Nf3 Bg7 9. Be2 O-O 10. O-O Nxb6 11. Re1 e6 12. dxe6 Bxe6 13. Bf4 d5 14. exd5 Nfxd5 15. Be5 Nxc3 16. bxc3 Bxe5 17. Nxe5 Qf6 18. Bf3 Rad8 19. Qc2 Bd5 20. Rab1 Bxf3 21. Nxf3 Nd5 22. Rb3 c4 23. Ra3 Nf4 24. Nd4 Nd3 25. Rf1 Rfe8 26. Ra4 Rc8 27. Qd2 Rc5 28. f4 Kg7 29. f5 g5 30. g3 Re4 31. Qg2 Ree5 32. Qd2 h6 33. Qg2 Red5 34. Qe4 Re5 35. Qb7 Kg8 36. Rxa6 Qe7 37. Qxe7 Rxe7 38. Rxh6 Ra7 39. f6 Rxa2 40. Nf5 Rxf5 41. Rxf5 Ra1+ 42. Rf1 Ra2 43. Rh5 g4 44. Rg5+ Kf8 45. Rxg4 Rc2 46. Rxc4 1-0


[Site "https://www.chess.com"]

[Event "Titled Tuesday Blitz June 20 Late 2023"]
[White "Miszler, Levente"]
[Black "Bryakin, Mikhail"]
[WhiteFideId "763276"]
[BlackFideId "4165314"]
[WhiteElo "2176"]
[BlackElo "2464"]
[Result "0-1"]
[Round "1"]
[TimeControl "180+2"]
[Date "2023.06.20"]
[WhiteClock "0:01:09"]
[BlackClock "0:01:31"]
[Board "72"]

1. c4 c5 2. Nc3 Nc6 3. g3 Nf6 4. Bg2 g6 5. e3 e5 6. Nge2 Bg7 7. O-O O-O 8. a3 Re8 9. Rb1 e4 10. b4 d6 11. d4 cxb4 12. axb4 a5 13. b5 Nb4 14. Ba3 d5 15. c5 Nd3 16. Nc1 Nxc1 17. Qxc1 h5 18. b6 Bd7 19. Re1 h4 20. Bf1 hxg3 21. hxg3 Bc6 22. Bb5 Rc8 23. Bxc6 Rxc6 24. Rb5 Qd7 25. Ne2 Nh5 26. Kg2 Qg4 27. Nf4 Nxf4+ 28. exf4 Bxd4 29. Qd1 Qf3+ 30. Qxf3 exf3+ 31. Kf1 Rxe1+ 32. Kxe1 Re6+ 33. Kd1 Bxf2 34. Rb3 Rc6 35. Rc3 Bd4 36. Rxf3 Bxc5 37. Bxc5 Rxc5 38. Rb3 a4 39. Rb4 a3 40. Ra4 Rb5 41. Rxa3 Rxb6 42. Ra5 Rd6 43. Kd2 Kg7 44. Kd3 Kf6 45. g4 g5 46. fxg5+ Kxg5 47. Ra7 Rd7 48. Kd4 Kxg4 49. Ke5 f5 50. Ra4+ d4 0-1


[Site "https://www.chess.com"]

[Event "Titled Tuesday Blitz June 20 Late 2023"]
[White "Mahdavi, Reza"]
[Black "FuenfgegenWilly"]
[WhiteFideId "12595926"]
[WhiteElo "2395"]
[BlackElo "2421"]
[Result "1-0"]
[Round "1"]
[TimeControl "180+2"]
[Date "2023.06.20"]
[WhiteClock "0:00:20"]
[BlackClock "0:00:05"]
[Board "73"]

1. e4 e5 2. Nf3 Nc6 3. Bc4 Nf6 4. d3 d5 5. exd5 Nxd5 6. O-O Bc5 7. Re1 O-O 8. c3 Bg4 9. h3 Bh5 10. Nbd2 Nb6 11. Ne4 Be7 12. Bb3 Kh8 13. Ng3 Bg6 14. Bc2 Bd6 15. Bg5 f6 16. Be3 f5 17. Bg5 Qd7 18. Nh4 Qf7 19. Bb3 Qe8 20. Qf3 f4 21. Nxg6+ Qxg6 22. Ne4 Rf5 23. h4 h6 24. h5 Qe8 25. g4 Rxg5 26. Nxg5 hxg5 27. d4 a5 28. Bc2 Qg8 29. Rad1 exd4 30. cxd4 Nb4 31. Bg6 N6d5 32. Re2 c6 33. a3 Na6 34. Rde1 Nf6 35. Bb1 Nc7 36. Kg2 Ncd5 37. Kh3 a4 38. Re6 Bc7 39. Bg6 Bb6 40. R6e5 Bxd4 41. Rxg5 Rd8 42. Rf5 Qf8 43. g5 Qd6 44. gxf6 Nxf6 45. Qxf4 Qxf4 46. Rxf4 Bxb2 47. Rxa4 Rd2 48. Ra8+ Ng8 49. Rxg8+ Kxg8 50. Re8# 1-0


[Site "https://www.chess.com"]

[Event "Titled Tuesday Blitz June 20 Late 2023"]
[White "Belenkaya, Dina"]
[Black "Nazari, Arad"]
[WhiteFideId "24142654"]
[BlackFideId "12577324"]
[WhiteElo "2208"]
[BlackElo "2175"]
[Result "0-1"]
[Round "1"]
[TimeControl "180+2"]
[Date "2023.06.20"]
[WhiteClock "0:00:00"]
[BlackClock "0:00:14"]
[Board "74"]

1. Nf3 c5 2. g3 Nc6 3. Bg2 g6 4. O-O Bg7 5. d3 e5 6. Nbd2 Nge7 7. e4 O-O 8. Nc4 d6 9. Re1 b5 10. Ne3 a6 11. a4 Bb7 12. Ng4 h5 13. Nh6+ Kh8 14. g4 hxg4 15. Nxg4 f5 16. Ng5 Qd7 17. Qf3 fxg4 18. Qg3 Bh6 19. Qh4 Kg7 20. axb5 axb5 21. Rxa8 Bxa8 22. Ne6+ Qxe6 23. Bxh6+ Kg8 24. Bxf8 Kxf8 25. f3 gxf3 26. Bh3 Qf7 27. Rf1 Kg7 28. Qg4 Nd4 29. Kh1 Bb7 30. c3 Bc8 31. Qg3 Ne2 32. Qxf3 Qxf3+ 33. Rxf3 Bxh3 34. Rxh3 Nf4 35. Rf3 g5 36. h3 Neg6 37. Kh2 Nh4 38. Re3 Kf6 39. Kg3 Nh5+ 40. Kg4 Kg6 41. d4 Ng2 42. Rd3 cxd4 43. cxd4 Ngf4 44. Rd1 Nf6+ 45. Kf3 Ne6 46. dxe5 dxe5 47. Rc1 Nd4+ 0-1


[Site "https://www.chess.com"]

[Event "Titled Tuesday Blitz June 20 Late 2023"]
[White "Wieczorek, Oskar"]
[Black "Rangel, Daniel"]
[WhiteFideId "1133950"]
[BlackFideId "2124475"]
[WhiteElo "2418"]
[BlackElo "2231"]
[Result "0-1"]
[Round "1"]
[TimeControl "180+2"]
[Date "2023.06.20"]
[WhiteClock "0:00:00"]
[BlackClock "0:00:16"]
[Board "75"]

1. e4 c5 2. Nf3 g6 3. d4 cxd4 4. Nxd4 Bg7 5. Nc3 Nc6 6. Be3 Nf6 7. Bc4 O-O 8. Bb3 Re8 9. f3 e6 10. f4 Nd5 11. Nxd5 exd5 12. Bxd5 Qa5+ 13. Kf2 Qb4 14. Nb3 Bxb2 15. Rb1 Qc3 16. Bxc6 dxc6 17. Bd4 Qc4 18. Bxb2 Qxe4 19. Qd4 Qxc2+ 20. Kg3 f6 21. Qxf6 Re3+ 22. Kh4 Rh3+ 23. gxh3 Qf2+ 24. Kg5 Qg2+ 0-1


[Site "https://www.chess.com"]

[Event "Titled Tuesday Blitz June 20 Late 2023"]
[White "Ionescu, Mihai"]
[Black "Can, Isik"]
[WhiteFideId "1202499"]
[BlackFideId "6383742"]
[WhiteElo "2279"]
[BlackElo "2374"]
[Result "1/2-1/2"]
[Round "1"]
[TimeControl "180+2"]
[Date "2023.06.20"]
[WhiteClock "0:01:04"]
[BlackClock "0:00:53"]
[Board "76"]

1. Nf3 Nf6 2. d4 d5 3. c4 c6 4. e3 Bf5 5. cxd5 cxd5 6. Qb3 Qb6 7. Qxb6 axb6 8. Nc3 Nc6 9. Bb5 Bd7 10. Bd2 e6 11. Ke2 Bd6 12. Rhc1 Ke7 13. h3 Rhc8 14. Ne1 Na5 15. Bxd7 Nxd7 16. Nb5 Nf6 17. Nd3 Nc6 18. Nxd6 Kxd6 19. f3 Nd7 20. Nb4 Ndb8 21. a3 Na6 22. Nxc6 bxc6 23. e4 Kd7 24. Kd3 Nc7 25. Bf4 Ne8 26. Be5 f6 27. Bg3 Nd6 28. Bxd6 Kxd6 29. Rc3 c5 30. exd5 exd5 31. Re1 c4+ 32. Kd2 Re8 33. Rcc1 b5 34. Rxe8 Rxe8 35. Re1 Rxe1 36. Kxe1 b4 37. axb4 Kc6 38. Kd2 Kb5 39. Kc3 Ka4 40. f4 g6 41. g4 g5 42. f5 h6 43. b5 Kxb5 44. b3 cxb3 45. Kxb3 Ka5 46. Ka3 Kb5 47. Kb3 Ka5 48. Ka3 Kb5 49. Kb3 1/2-1/2


[Site "https://www.chess.com"]

[Event "Titled Tuesday Blitz June 20 Late 2023"]
[White "Yuan, Qingyu"]
[Black "Kovalevsky, Stanislav"]
[WhiteFideId "8609772"]
[BlackFideId "13508598"]
[WhiteElo "2359"]
[BlackElo "2112"]
[Result "1-0"]
[Round "1"]
[TimeControl "180+2"]
[Date "2023.06.20"]
[WhiteClock "0:01:24"]
[BlackClock "0:00:03"]
[Board "77"]

1. e4 e6 2. d4 d5 3. Nd2 dxe4 4. Nxe4 Nf6 5. Nxf6+ gxf6 6. Nf3 Nc6 7. g3 Ne7 8. Bg2 Bd7 9. Qe2 Bc6 10. Bf4 Nf5 11. O-O-O Qe7 12. Kb1 O-O-O 13. c3 Bh6 14. Bxh6 Nxh6 15. Nh4 Qd6 16. Bxc6 Qxc6 17. Qh5 Qe4+ 18. Ka1 e5 19. Rhe1 Qg4 20. Qxh6 e4 21. Qxf6 Rhe8 22. Qf5+ Qxf5 23. Nxf5 Rd5 24. Ne3 Rh5 25. h4 f5 26. Ng2 Rh6 27. Nf4 a5 28. Kb1 b5 29. Kc2 Kd7 30. Re3 Kd6 31. f3 Re7 32. Rde1 Rf6 33. fxe4 fxe4 34. Rxe4 Rxe4 35. Rxe4 Rg6 36. Nxg6 h6 1-0


[Site "https://www.chess.com"]

[Event "Titled Tuesday Blitz June 20 Late 2023"]
[White "Spaqi, Wilson"]
[Black "Tristan, Leonardo"]
[WhiteFideId "2053888"]
[BlackFideId "113816"]
[WhiteElo "2417"]
[BlackElo "2461"]
[Result "0-1"]
[Round "1"]
[TimeControl "180+2"]
[Date "2023.06.20"]
[WhiteClock "0:00:21"]
[BlackClock "0:00:21"]
[Board "78"]

1. d4 d5 2. Bg5 f6 3. Bf4 c5 4. e3 Nc6 5. Nf3 g5 6. Bg3 h5 7. h3 e6 8. c3 Nh6 9. Bd3 Kf7 10. Qc2 h4 11. Bh2 c4 12. Be2 b5 13. e4 dxe4 14. Qxe4 Qd5 15. Nbd2 Bb7 16. Qxd5 exd5 17. O-O Nf5 18. Rfe1 Bd6 19. Bxd6 Nxd6 20. Bd1 Bc8 21. Bc2 Bf5 22. Bxf5 Nxf5 23. Re2 Rhe8 24. Rae1 Rxe2 25. Rxe2 a5 26. Nf1 b4 27. Ne3 Nxe3 28. fxe3 a4 29. cxb4 Nxb4 30. a3 Nd3 31. e4 dxe4 32. Nd2 Nxb2 33. Nxe4 Rb8 34. Rc2 Ke6 35. Nc3 Rb3 36. d5+ Kd6 37. Nxa4 Nxa4 38. Rxc4 Nc5 39. Rc1 Rxa3 40. Rf1 Ne4 41. Rb1 Kxd5 42. Rd1+ Ke5 43. Kh2 Ra2 44. Re1 Kf5 45. Rf1+ Kg6 46. Re1 Nc5 47. Rd1 Ne6 48. Kh1 Nf4 49. Rd8 Nxg2 50. Rg8+ Kf5 51. Rb8 Nf4 52. Rb6 Ra3 53. Rb3 Rxb3 0-1


[Site "https://www.chess.com"]

[Event "Titled Tuesday Blitz June 20 Late 2023"]
[White "Fernandez Guillen, Ernesto J."]
[Black "Jonkman, Harmen"]
[WhiteFideId "3512428"]
[BlackFideId "1002708"]
[WhiteElo "2434"]
[BlackElo "2368"]
[Result "0-1"]
[Round "1"]
[TimeControl "180+2"]
[Date "2023.06.20"]
[WhiteClock "0:00:22"]
[BlackClock "0:00:15"]
[Board "79"]

1. e4 e5 2. Nf3 Nc6 3. d4 exd4 4. Bc4 Nf6 5. O-O Nxe4 6. Re1 d5 7. Bxd5 Qxd5 8. Nc3 Qa5 9. Nxe4 Be6 10. Bd2 Qf5 11. Bg5 Bd6 12. Nxd4 Nxd4 13. Qxd4 O-O 14. Nxd6 Qxg5 15. Ne4 Qb5 16. Nc5 Rfd8 17. Qc3 Bd5 18. Rad1 Qc6 19. Rd3 Rd6 20. Rg3 Rg6 21. f3 Rxg3 22. hxg3 h6 23. Kf2 b6 24. Nb3 Qxc3 25. bxc3 Be6 26. a3 Rd8 27. Ke3 c5 28. Re2 Kf8 29. Rd2 Rxd2 30. Kxd2 Ke7 31. Ke3 g5 32. g4 Kd6 33. Nd2 Ke5 34. g3 f5 35. gxf5 Bxf5 36. f4+ gxf4+ 37. gxf4+ Kd5 38. c4+ Ke6 39. c3 Bg4 40. Ke4 h5 41. Nf1 Bf5+ 42. Kf3 Bd3 43. Ne3 Kf6 44. Kg3 Be2 45. Kh4 Kg6 46. Kg3 Kf6 47. Kf2 Bd3 48. Kf3 Bf5 49. Kg3 Bd3 50. Kh2 Ke6 51. Kh3 Kf6 52. Kh4 Be2 53. Nd5+ Kf5 54. Ne7+ Kxf4 55. Nc6 Bxc4 56. Nxa7 Be6 57. Kxh5 Ke3 58. Kg6 Kd3 59. Kf6 Bg4 60. Nb5 Kc4 61. a4 Bd7 62. Nd6+ Kxc3 63. a5 bxa5 64. Ke5 Bc6 65. Ne4+ Bxe4 66. Kxe4 a4 0-1


[Site "https://www.chess.com"]

[Event "Titled Tuesday Blitz June 20 Late 2023"]
[White "Ladan, Nicholas"]
[Black "Riehle, Marco"]
[WhiteFideId "30918855"]
[BlackFideId "12904392"]
[WhiteElo "2167"]
[BlackElo "2462"]
[Result "0-1"]
[Round "1"]
[TimeControl "180+2"]
[Date "2023.06.20"]
[WhiteClock "0:00:20"]
[BlackClock "0:02:41"]
[Board "80"]

1. d4 d5 2. Nf3 e6 3. Bf4 Bd6 4. e3 c5 5. Nbd2 Nf6 6. Bg3 O-O 7. c3 Nc6 8. Bd3 Re8 9. Ne5 Bxe5 10. dxe5 Nd7 11. f4 c4 12. Bc2 Qb6 13. Kf2 Qxb2 14. Rc1 Nc5 15. Qe2 Ne7 16. Nxc4 dxc4 17. Bxh7+ Kxh7 18. Qxb2 Nd3+ 0-1


[Site "https://www.chess.com"]

[Event "Titled Tuesday Blitz June 20 Late 2023"]
[White "Trost, Edvin"]
[Black "Suarez Uriel, Adrian"]
[WhiteFideId "1729519"]
[BlackFideId "22230874"]
[WhiteElo "2368"]
[BlackElo "2331"]
[Result "0-1"]
[Round "1"]
[TimeControl "180+2"]
[Date "2023.06.20"]
[WhiteClock "0:00:00"]
[BlackClock "0:00:22"]
[Board "81"]

1. d4 Nf6 2. c4 g6 3. Nc3 d5 4. cxd5 Nxd5 5. e4 Nxc3 6. bxc3 Bg7 7. Bc4 O-O 8. Ne2 Nc6 9. h4 e5 10. Be3 Re8 11. f3 h5 12. Kf2 Be6 13. Bxe6 fxe6 14. Qd3 exd4 15. cxd4 e5 16. d5 Ne7 17. Bg5 Qd6 18. Rac1 c6 19. Rhd1 cxd5 20. Bxe7 Qxe7 21. Qxd5+ Kh7 22. Kg3 Rad8 23. Qc4 Rxd1 24. Rxd1 Bf6 25. Qb5 Bxh4+ 26. Kh3 a6 27. Qa4 Rd8 28. Rxd8 Qxd8 29. Qb3 Qe7 30. Qd5 Bf2 31. g3 Bc5 32. f4 exf4 33. gxf4 Be3 34. e5 Kg7 35. Kg3 Qf7 36. Qe4 Bd2 37. Nd4 h4+ 38. Kg4 h3 39. e6 Qxf4+ 40. Qxf4 Bxf4 41. Kxh3 Kf6 42. Kg4 Be5 43. Nb3 b6 44. e7 Kxe7 45. Kg5 Kd6 46. Kxg6 Kd5 47. Kf5 a5 48. Nc1 a4 49. Nd3 Bd4 50. Kf4 b5 51. Kf3 Kc4 52. Ke4 Bc3 53. Nc1 b4 54. Ke3 Bb2 55. Nd3 Bd4+ 56. Kd2 b3 57. axb3+ Kxb3 58. Nc1+ Kb2 59. Nd3+ Kb1 60. Ne1 a3 61. Kd3 a2 62. Nc2 Bb2 63. Kd2 Bc1+ 64. Kc3 Bh6 65. Kd3 Bg7 66. Kd2 Bf6 67. Kd3 Be5 68. Kd2 Bc7 69. Kd3 Ba5 70. Na3+ Kc1 71. Nc2 Be1 72. Nd4 Kb2 73. Nc2 Ba5 0-1


[Site "https://www.chess.com"]

[Event "Titled Tuesday Blitz June 20 Late 2023"]
[White "i_like_explosions"]
[Black "Veiga, Jose Francisco R P Neves"]
[BlackFideId "1930087"]
[WhiteElo "2416"]
[BlackElo "2319"]
[Result "0-1"]
[Round "1"]
[TimeControl "180+2"]
[Date "2023.06.20"]
[WhiteClock "0:00:02"]
[BlackClock "0:00:04"]
[Board "82"]

1. d4 Nf6 2. Bg5 d5 3. Bxf6 exf6 4. e3 c6 5. c4 dxc4 6. Bxc4 Bd6 7. Nc3 Nd7 8. Nf3 Nb6 9. Bb3 O-O 10. O-O Qe7 11. Qc2 Bg4 12. Nd2 Bh5 13. Nc4 Nxc4 14. Bxc4 Bg6 15. Bd3 Rad8 16. a3 Bb8 17. Rfe1 Rfe8 18. Bxg6 hxg6 19. Rad1 f5 20. b4 f4 21. e4 f3 22. g3 g5 23. e5 Qe6 24. Qe4 g4 25. h3 Qc4 26. Re3 gxh3 27. Rdd3 Qb3 28. Qxf3 Qxa3 29. Ne4 Qxb4 30. Qg4 Re6 31. Ng5 Rh6 32. Kh2 Qe7 33. Rf3 Rf8 34. Ne4 Kh8 35. Rf5 a5 36. Rh5 Qe6 37. Rf5 Qg6 38. Rg5 Qh7 39. Rf3 Bc7 40. Rgf5 Qg6 41. Rg5 Qe6 42. Rgf5 Kg8 43. Ng5 Qg6 44. Qf4 f6 45. Ne6 Rf7 46. Nxc7 Rxc7 47. exf6 Rf7 48. Qb8+ Kh7 49. Qe5 gxf6 50. Qxa5 Qg4 51. Qd8 Qe4 52. Qe8 Qxe8 0-1


[Site "https://www.chess.com"]

[Event "Titled Tuesday Blitz June 20 Late 2023"]
[White "Velikanov, Alexander"]
[Black "Chabris, Christopher"]
[WhiteFideId "2039290"]
[BlackFideId "2005263"]
[WhiteElo "2259"]
[BlackElo "2416"]
[Result "1-0"]
[Round "1"]
[TimeControl "180+2"]
[Date "2023.06.20"]
[WhiteClock "0:00:25"]
[BlackClock "0:00:00"]
[Board "83"]

1. d4 Nf6 2. Nf3 e6 3. Bg5 h6 4. Bxf6 Qxf6 5. e4 d6 6. Nbd2 Nd7 7. Bd3 g6 8. O-O Bg7 9. c3 O-O 10. a4 Qe7 11. Re1 c5 12. a5 Rb8 13. Nc4 b5 14. axb6 Nxb6 15. Na5 Bd7 16. dxc5 dxc5 17. e5 Rfc8 18. Qe2 Nd5 19. Qc2 Be8 20. Be4 Rd8 21. Nc4 Nb6 22. Nd6 Rxd6 23. exd6 Qxd6 24. Rxa7 Nc4 25. b3 Qb6 26. Ra8 Rxa8 27. Bxa8 Nd6 28. Rd1 Nf5 29. Be4 Bf6 30. h3 Kg7 31. Nd2 Nd6 32. Bd3 Bc6 33. Ne4 Nxe4 34. Bxe4 Bxe4 35. Qxe4 Qxb3 36. Rd7 e5 37. c4 Qc3 38. Qd5 Qe1+ 39. Kh2 1-0


[Site "https://www.chess.com"]

[Event "Titled Tuesday Blitz June 20 Late 2023"]
[White "Carrasco Miranda, Andres"]
[Black "carokannlover213"]
[WhiteFideId "3405990"]
[WhiteElo "2183"]
[BlackElo "2722"]
[Result "1-0"]
[Round "1"]
[TimeControl "180+2"]
[Date "2023.06.20"]
[WhiteClock "0:00:43"]
[BlackClock "0:00:26"]
[Board "84"]

1. d4 e6 2. c4 b6 3. a3 Bb7 4. d5 Nf6 5. Nc3 exd5 6. cxd5 Be7 7. g3 O-O 8. Bg2 d6 9. Nf3 Nbd7 10. O-O Ne5 11. Nxe5 dxe5 12. d6 e4 13. dxe7 Qxe7 14. Bg5 h6 15. Bxf6 Qxf6 16. Bxe4 c6 17. Bf3 Rad8 18. Qc1 Ba6 19. Rd1 Rde8 20. Qf4 Qe7 21. Bxc6 Rc8 22. Bf3 Rc4 23. Qd6 Qg5 24. Ne4 Qa5 25. b4 Qa4 26. Qe7 Rc2 27. Rd8 Rc8 28. Rad1 Rfxd8 29. Rxd8+ Rxd8 30. Qxd8+ Kh7 31. Qe7 Bc4 32. Nd6 Qd1+ 33. Kg2 Bd5 34. Bxd5 Qxd5+ 35. Qe4+ Qxe4+ 36. Nxe4 Kg6 37. Kf3 Kf5 38. Nd6+ Ke6 39. Nc8 Kd5 40. Nxa7 Kc4 41. Nc8 b5 42. Nd6+ Kb3 43. Nxb5 Ka4 44. Nd6 Kxa3 45. Nxf7 Kxb4 46. Ke4 Kc5 47. Ke5 Kc4 48. Nh8 Kc3 49. Ke4 Kd2 50. Kf3 Kc3 51. Ng6 Kd4 52. Kf4 Kd5 53. Kf5 Kd6 54. Ne5 Ke7 55. Kg6 Kf8 56. Ng4 Kg8 57. Nxh6+ gxh6 58. Kxh6 Kf7 59. g4 Kf6 60. g5+ Kf7 61. Kh7 Kf8 62. g6 Ke7 63. g7 Kd6 64. g8=Q Kc5 65. Qg4 Kb5 66. Qd4 Ka5 67. Qb2 Ka4 68. Kg7 Ka5 69. Kf7 Ka4 70. Ke7 Ka5 71. Kd6 Ka4 72. Kc5 Ka5 73. Qb5# 1-0


[Site "https://www.chess.com"]

[Event "Titled Tuesday Blitz June 20 Late 2023"]
[White "Barp, Alberto"]
[Black "FromTexas54"]
[WhiteFideId "872555"]
[WhiteElo "2313"]
[BlackElo "2414"]
[Result "1/2-1/2"]
[Round "1"]
[TimeControl "180+2"]
[Date "2023.06.20"]
[WhiteClock "0:00:21"]
[BlackClock "0:00:11"]
[Board "85"]

1. Nf3 g6 2. c4 Bg7 3. Nc3 d6 4. g3 e5 5. Bg2 f5 6. O-O Nf6 7. d4 e4 8. Ng5 h6 9. Nh3 O-O 10. f3 exf3 11. exf3 Be6 12. b3 Kh7 13. Re1 Bg8 14. Nf4 Re8 15. Rxe8 Qxe8 16. h4 Nbd7 17. Qd3 h5 18. Bd2 Qf7 19. Nh3 Kh8 20. Ng5 Qf8 21. Ne2 Nh7 22. Nf4 Qf6 23. Nxh7 Kxh7 24. Be3 Re8 25. Rd1 c6 26. Nh3 Kh8 27. Bg5 Qf7 28. Bf4 Qf6 29. Qd2 Nf8 30. Bg5 Qf7 31. d5 c5 32. Nf4 Nh7 33. Bf1 Nxg5 34. hxg5 Bd4+ 35. Kg2 Kh7 36. Qc2 Qe7 37. Nh3 Qe3 38. Bd3 Bf7 39. Qd2 Qe7 40. Rh1 Kg7 41. Nf4 Qe3 42. Qc2 Be5 43. Nh3 Bd4 44. Rd1 Re7 45. Rd2 Qe1 46. Re2 Rxe2+ 47. Qxe2 Qa1 48. Nf4 Qg1+ 49. Kh3 Qh1+ 50. Qh2 Qxf3 51. Qe2 Qh1+ 52. Qh2 Qf3 53. Be2 Qe3 54. Qg2 Be5 55. Qf3 Qxf3 56. Bxf3 Bxf4 57. gxf4 Kf8 58. Kg3 Ke7 59. Kf2 a6 60. Ke3 b5 61. Be2 b4 62. Kd2 a5 63. Kc2 Be8 64. Kb2 a4 65. Kc1 Kd8 66. Kd2 Kc7 67. Ke3 Kb6 68. Bd1 a3 69. Bc2 Kc7 70. Kf3 Kd8 71. Kg3 Ke7 72. Kh4 Kf8 73. Kg3 Kg7 74. Kh4 Bf7 75. Kg3 Bg8 76. Kh4 Bf7 77. Kg3 Be8 78. Kh4 Bf7 1/2-1/2


[Site "https://www.chess.com"]

[Event "Titled Tuesday Blitz June 20 Late 2023"]
[White "Sokolov, Andrei"]
[Black "Oro, Faustino"]
[WhiteFideId "11600306"]
[BlackFideId "20000197"]
[WhiteElo "2473"]
[BlackElo "1984"]
[Result "0-1"]
[Round "1"]
[TimeControl "180+2"]
[Date "2023.06.20"]
[WhiteClock "0:00:00"]
[BlackClock "0:00:01"]
[Board "86"]

1. d4 Nf6 2. c4 e6 3. g3 d5 4. Nf3 Be7 5. Bg2 O-O 6. O-O dxc4 7. Qc2 a6 8. a4 Bd7 9. Ne5 Bc6 10. Nxc6 Nxc6 11. e3 Na5 12. Nd2 c5 13. Nxc4 cxd4 14. Nxa5 Qxa5 15. Bxb7 Rab8 16. Bd2 Qb6 17. Be4 Nxe4 18. Qxe4 Qxb2 19. Qxd4 Qb7 20. Qg4 Bf6 21. Rac1 Rfd8 22. Bc3 Bxc3 23. Rxc3 h6 24. Rfc1 Rd7 25. Qc4 Rbd8 26. Qc6 Qb4 27. Rc4 Qa5 28. Rc5 Qb4 29. R5c4 Qb2 30. R4c2 Rd1+ 31. Rxd1 Rxd1+ 32. Kg2 Qb3 33. Qa8+ Kh7 34. Qe4+ f5 35. Qc4 Qb7+ 36. Kh3 Rd5 37. Qc6 Qf7 38. Qc8 e5 0-1


[Site "https://www.chess.com"]

[Event "Titled Tuesday Blitz June 20 Late 2023"]
[White "Timmermans, Mark"]
[Black "Paulsen, Dirk"]
[WhiteFideId "1026399"]
[BlackFideId "4601343"]
[WhiteElo "2460"]
[BlackElo "2339"]
[Result "0-1"]
[Round "1"]
[TimeControl "180+2"]
[Date "2023.06.20"]
[WhiteClock "0:00:05"]
[BlackClock "0:00:56"]
[Board "87"]

1. b4 e5 2. Bb2 Bxb4 3. Bxe5 Nf6 4. Nc3 Bxc3 5. Bxc3 d5 6. e3 O-O 7. Nf3 c5 8. Be2 Nc6 9. O-O d4 10. Bb2 a6 11. a4 Be6 12. Ba3 b6 13. exd4 Nxd4 14. Nxd4 Qxd4 15. c3 Qd7 16. d4 Qc6 17. c4 Qc7 18. d5 Bf5 19. a5 Ne4 20. axb6 Qxb6 21. Bd3 Nd6 22. Qc2 Bxd3 23. Qxd3 a5 24. Rab1 Qc7 25. Rfc1 Rfe8 26. h3 Re4 27. Bb2 Rae8 28. Qg3 f5 29. Bxg7 f4 30. Qa3 Kxg7 31. f3 Re2 32. Qc3+ Kg8 33. Re1 Qg7 34. Qxg7+ Kxg7 35. Rxe2 Rxe2 36. Rb6 Nxc4 37. Rc6 Ne3 38. Rxc5 Rxg2+ 39. Kh1 a4 40. Ra5 Ra2 41. d6 Kf7 42. Ra7+ Ke6 43. d7 Ke7 44. h4 h5 45. Kg1 a3 46. Kh1 Kd8 47. Kg1 Nc4 48. Ra4 Rc2 0-1


[Site "https://www.chess.com"]

[Event "Titled Tuesday Blitz June 20 Late 2023"]
[White "Sivakumar, Shaaketh"]
[Black "Darini, Pouria"]
[WhiteFideId "30940176"]
[BlackFideId "12502200"]
[WhiteElo "2174"]
[BlackElo "2482"]
[Result "0-1"]
[Round "1"]
[TimeControl "180+2"]
[Date "2023.06.20"]
[WhiteClock "0:00:50"]
[BlackClock "0:00:49"]
[Board "88"]

1. e4 c5 2. Nf3 Nc6 3. Bb5 e6 4. O-O Nge7 5. c3 a6 6. Ba4 b5 7. Bc2 Bb7 8. d4 cxd4 9. cxd4 Nb4 10. Re1 Rc8 11. Bb3 Rxc1 12. Qxc1 Nd3 13. Qd2 Nxe1 14. Qxe1 Ng6 15. Nbd2 Bb4 16. Qe3 O-O 17. a3 Ba5 18. Rc1 Bb6 19. e5 f6 20. Qc3 Nf4 21. Re1 fxe5 22. dxe5 Nxg2 23. Kxg2 Qh4 24. Re2 Qg4+ 25. Kf1 Bxf3 26. Nxf3 Rxf3 27. Qc8+ Rf8 28. Qxd7 Qh3+ 29. Ke1 Qxb3 0-1


[Site "https://www.chess.com"]